Map: [ESL] Amphion

Players

Wayne - Winner!

  • Race: Zerg Zerg
  • Spawn Location: 11:00

Elazer

  • Race: Zerg Zerg
  • Spawn Location: 7:00

Event: ESL SC2 Masters 2024 Spring (Regional)

VOD

Have the link to the VOD?

Description

Time

  • Played on: May 2, 2024, 12:43 p.m.
  • Length: 5:56

All games in this series

Show
View Real Time Build Order
Export as new Build Order

Wayne Zerg - Winner!

Build Orders: Hatch First 

Get SALT Encoding   

  12  0:00  Drone  
  13  0:13  Overlord  
  13  0:17  Drone  
  14  0:31  Drone x2  
  16  0:49  Hatchery  
  15  0:52  Drone  
  15  0:56  Drone  
  17  0:59  Drone  
  18  1:10  Extractor  
  17  1:15  Spawning Pool  
  16  1:19  Drone  
  16  1:22  Drone  
  18  1:29  Drone  
  19  1:39  Drone  
  20  1:50  Drone  
  21  2:01  Queen x2  
  21  2:02  Drone  
  21  2:03  Overlord  
  26  2:13  Drone x2  
  28  2:23  Drone x2  
  30  2:33  Drone  
  30  2:34  Overlord  
  31  2:45  Hatchery  
  31  2:46  Drone x2  
  32  2:54  Drone  
  32  2:55  Drone  
  34  3:00  Evolution Chamber  
  34  3:05  Drone x2  
  34  3:10  Drone x2  
  34  3:11  Overlord  
  38  3:12  Drone  
  38  3:13  Drone x2  
  38  3:16  Queen  
  38  3:19  Drone  
  43  3:21  Drone  
  44  3:29  Roach Warren  
  44  3:30  Zerg Missile Weapons Level 1  
  44  3:32  Extractor  
  44  3:33  Drone  
  43  3:34  Drone  
  43  3:39  Drone  
  45  3:42  Lair  
  45  3:43  Drone  
  45  3:44  Drone  
  45  3:46  Drone  
  48  3:50  Drone x2  
  48  3:51  Extractor  
  48  3:52  Drone  
  48  3:55  Overlord  
  50  4:00  Overlord  
  50  4:06  Overlord  
  50  4:10  Roach x3  
  50  4:15  Roach  
  50  4:16  Roach  
  60  4:20  Overlord  
  60  4:23  Roach x2  
  64  4:28  Roach x3  
  70  4:33  Overlord  
  70  4:35  Roach x2  
  74  4:40  Overseer  
  74  4:41  Roach  
  76  4:46  Roach  
  76  4:47  Overlord  
  76  4:49  Roach  
  80  4:57  Roach x3  
  86  5:02  Overlord  
  86  5:04  Roach x2  
  90  5:08  Overlord  
  90  5:10  Roach  
  92  5:15  Roach x2  
  92  5:18  Roach  
  92  5:20  Roach  
  100  5:25  Roach x2  
  104  5:30  Roach  
  104  5:31  Roach  
  104  5:34  Roach  
Show
View Real Time Build Order
Export as new Build Order

Elazer Zerg 

Build Orders: Hatch First, Roach Nydus 

Get SALT Encoding   

  12  0:00  Drone  
  13  0:08  Drone  
  14  0:15  Drone, Extractor  
  15  0:37  Hatchery  
  15  0:42  Extractor  
  13  0:43  Drone  
  13  0:49  Overlord  
  15  1:04  Spawning Pool  
  15  1:08  Drone  
  15  1:12  Drone  
  15  1:15  Drone  
  17  1:20  Drone  
  18  1:30  Drone  
  19  1:34  Extractor  
  18  1:41  Drone  
  19  1:52  Drone x2, Queen  
  19  1:53  Queen  
  25  2:01  Drone  
  26  2:03  Overlord  
  26  2:11  Drone  
  26  2:13  Drone  
  28  2:22  Drone  
  29  2:23  Drone  
  29  2:28  Queen  
  32  2:30  Queen  
  32  2:35  Overlord  
  34  2:38  Drone  
  35  2:46  Drone  
  36  2:53  Drone  
  36  2:55  Drone  
  38  2:59  Overlord  
  38  3:00  Drone x3  
  38  3:01  Drone x2  
  38  3:03  Drone  
  44  3:13  Roach Warren, Drone  
  44  3:16  Lair  
  44  3:20  Drone x2  
  44  3:22  Drone  
  44  3:25  Extractor  
  44  3:26  Extractor  
  45  3:32  Overlord  
  45  3:34  Drone  
  45  3:36  Drone  
  45  3:37  Drone x2  
  45  3:38  Drone  
  45  3:39  Overlord  
  50  3:49  Evolution Chamber  
  50  3:53  Roach x4  
  57  4:00  Overlord  
  57  4:08  Roach  
  57  4:09  Roach  
  61  4:12  Roach  
  61  4:13  Roach x2  
  61  4:15  Nydus Network  
  66  4:18  Roach  
  66  4:20  Overlord  
  68  4:26  Roach x2  
  72  4:33  Roach x2  
  76  4:46  Overlord  
  76  4:47  Roach x2  
  76  4:48  Roach  
  76  4:52  Nydus Canal  
  82  4:55  Roach  
  84  5:06  Nydus Canal  
  84  5:07  Roach x2  
  84  5:08  Queen  
  84  5:09  Queen  
  84  5:12  Overlord  
  92  5:19  Overlord  
  92  5:35  Roach x6  
Tags
 
Add a new tag
Caveats
  • Supply blocks, unpowered buildings, or Contaminate may cause inaccurate times.
  • Supply counts are checked every 10 seconds.